 Dungeon Crawl Stone Soup version 0.29.1-12-g30fa7ad0bf (webtiles) character file.

Game seed: 14412312527432470521

61 sanboga the Ruffian (level 3, -5/43 HPs)
             Began as a Demonspawn Berserker on Dec 13, 2022.
             Was a Follower of Trog.
             Shot with a sling bullet by a hobgoblin (6 damage)
             ... on level 2 of the Dungeon.
             The game lasted 00:01:03 (1261 turns).

sanboga the Ruffian (Demonspawn Berserker)          Turns: 1261, Time: 00:01:04

Health: -5/43      AC:  2    Str: 19    XL:     3   Next: 83%
Magic:  3/3        EV: 12    Int:  8    God:    Trog [*.....]
Gold:   68         SH:  0    Dex: 12    Spells: 2/2 levels left

rFire   . . .      SeeInvis .     - Unarmed
rCold   . . .      Faith    .   (no shield)
rNeg    . . .      Spirit   .   a - +0 animal skin
rPois   .          Reflect  .   (no helmet)
rElec   .          Harm     .   (no cloak)
rCorr   .          Rampage  .   (no gloves)
Will    .....                   (no boots)
Stlth   ..........              (no amulet)
HPRegen 0.14/turn               (no ring)
MPRegen 0.08/turn               (no ring)

@: berserking (expiring), very quick
A: demonic guardian 1
a: Renounce Religion, Berserk


You were on level 2 of the Dungeon.
You worshipped Trog.
Trog was aware of your devotion.
You visited 1 branch of the dungeon, and saw 2 of its levels.

You collected 68 gold pieces.

Inventory:

Armour
 a - a +0 animal skin (worn)
Scrolls
 c - a scroll of identify {unknown}
Potions
 b - a potion of berserk rage {unknown}


   Skills:
 + Level 3.5 Fighting
 + Level 2.4 Armour
 - Level 1.7 Dodging
 * Level 3.6 Unarmed Combat


You had 2 spell levels left.
You didn't know any spells.
Your spell library was empty.

Dungeon Overview and Level Annotations

Branches:
Dungeon (2/15)

Altars:


Innate Abilities, Weirdness & Mutations

A weak demonic guardian rushes to your aid.


Message History

The hobgoblin shoots a sling bullet.
The sling bullet barely misses you.
You see here a hobgoblin corpse.
A red film seems to cover your vision as you go berserk!
You feel yourself moving faster!
You feel mighty!
You can no longer call upon Trog for regeneration and willpower.
The hound barely misses your ufetubus.
Your ufetubus misses the hound. Your ufetubus hits the hound.
The hound bites your ufetubus but does no damage.
The hobgoblin shoots a sling bullet.
The sling bullet closely misses you.
You feel a strong urge to attack something.
Your ufetubus closely misses the hound.
Your ufetubus hits the hound but does no damage.
The hound bites you but does no damage.
You barely miss the hound.
The hound is heavily wounded.
Your ufetubus hits the hound.
Your ufetubus hits the hound but does no damage.
The hound misses you.
You miss the hound.
The hound is heavily wounded.
Your ufetubus barely misses the hound.
Your ufetubus hits the hound but does no damage.
You barely miss the hound.
The hound is heavily wounded.
The hound bites you.
* * * LOW HITPOINT WARNING * * *
The hobgoblin shoots a sling bullet.
The sling bullet misses you.
Your ufetubus barely misses the hound.
Your ufetubus hits the hound. You closely miss the hound.
Your punch misses the hound.
The hound is severely wounded.
The hound bites you.
* * * LOW HITPOINT WARNING * * *
Your ufetubus hits the hound.
Your ufetubus barely misses the hound.
The hobgoblin shoots a sling bullet.
The sling bullet closely misses you. The hound barely misses your ufetubus.
You hit the hound.
You kill the hound!
Trog accepts your kill.
The hobgoblin shoots a sling bullet.
The sling bullet hits you.
You die...

### ## #.. .#
#.##.# #.#..#
#....# #....#
#†...######
###..5.......
#....@.......
#.#..........
#.#.#.#g.....
#.#.#.#......
#.#...# ..=..
#.##### ####.
#.# #.#
#.#########


You could see a hobgoblin (ally target) and a friendly ufetubus (summoned).

Vanquished Creatures
  A hound (D:2)
  A dart slug (D:1)
  2 ball pythons
  7 bats (D:1)
  4 endoplasms (D:1)
  A giant cockroach (D:1)
  4 hobgoblins
  4 jackals (D:1)
  2 quokkas (D:1)
  3 rats (D:1)
29 creatures vanquished.

Notes
Turn   | Place    | Note
-------+----------+-------------------------------------------
     0 | D:1      | sanboga the Demonspawn Berserker began the quest for the
                  | Orb.
     0 | D:1      | Reached XP level 1. HP: 18/18 MP: 1/1
    70 | D:1      | Gained mutation: A weak demonic guardian rushes to your
                  | aid. [demonic ancestry]
    70 | D:1      | Reached XP level 2. HP: 17/24 MP: 2/2
   987 | D:1      | Reached XP level 3. HP: 25/29 MP: 3/3
  1242 | D:2      | Reached ** piety under Trog
  1259 | D:2      | HP: 1/43 [hound (4)]
  1261 | D:2      | Shot with a sling bullet by a hobgoblin

Illustrated notes

Levels and vault maps discovered:
D:1:      dpeg_arrival_water_temple_mockup, layout_loops_ring
D:2:      layout_basic, minmay_hexomino_u4

Skill      XL: |  1 |
---------------+----+-----
Armour         | 2 |  2.4
Unarmed Combat | 3 |  3.6
Fighting       | |  3.5
Dodging        | |  1.7

Action                   || total
-------------------------++-------
Melee: Unarmed           ||   134
       Punch             ||     2
Invok: Berserk           ||     1
 Stab: Sleeping          ||     1
Armor: Animal skin       ||    34
Dodge: Dodged            ||   115
